 Dungeon Crawl Stone Soup version 0.18.1-48-g4cf74bf (webtiles) character file.

342 atgrul the Skirmisher (level 6, -22/51 HPs)
             Began as a Merfolk Skald on July 20, 2016.
             Annihilated by an ogre
             ... wielding a +0 giant spiked club
              (23 damage)
             ... on level 4 of the Dungeon.
             The game lasted 00:13:36 (5678 turns).

atgrul the Skirmisher (Merfolk Skald)               Turns: 5678, Time: 00:13:37

Health: -22/51     AC:  6    Str: 15    XL:     6   Next: 57%
Magic:  7/9        EV: 10    Int: 11    God:
Gold:   165        SH:  0    Dex: 13    Spells: 2 memorised, 6 levels left

rFire  . . .     SeeInvis .     a - +0 spear
rCold  + . .     Gourm    .     d - +1 ring mail {rF+}
rNeg   . . .     Faith    .     (no shield)
rPois  .         Spirit   .     (no helmet)
rElec  .         Dismiss  .     (no cloak)
rCorr  .         Reflect  .     (no gloves)
SustAt .         Harm     .     (no boots)
MR     .....                    (no amulet)
Stlth  +.........               q - ring of ice
                                (no ring)

@: lethally poisoned (-22 -> -23), very slightly contaminated, not resistant to
hostile enchantments, very unstealthy
A: change form in water, swift swim
a: no special abilities


You were on level 4 of the Dungeon.
You were very hungry.

You visited 1 branch of the dungeon, and saw 4 of its levels.

You collected 165 gold pieces.

Inventory:

Hand Weapons
 a - a +0 spear (weapon)
Armour
 b - a +0 leather armour
 d - a +1 ring mail of fire resistance (worn)
Jewellery
 e - an uncursed ring of teleportation
 q - a ring of ice (right hand)
Wands
 l - a wand of slowing (25/48)
 u - a wand of teleportation (0/9)
Scrolls
 f - 3 scrolls of remove curse
 g - a scroll of magic mapping
 i - a scroll of fear {unknown}
 k - a scroll of noise {unknown}
 m - a scroll of fog {unknown}
 n - a scroll of immolation {unknown}
 p - 2 scrolls of blinking {unknown}
 r - 2 scrolls of teleportation
Potions
 h - a potion of ambrosia
 j - 2 potions of mutation
 o - a potion of curing
 t - a potion of might {unknown}
Books
 c - a book of Battle

   Spells                             Type                      Level
   a - Infusion                       Charms                       1
   b - Shroud of Golubria             Charms/Translocation         2
   c - Song of Slaying                Charms                       2
   d - Spectral Weapon                Hexes/Charms                 3
   e - Regeneration                   Charms/Necromancy            3
Comestibles
 s - a bread ration


   Skills:
 + Level 5.4 Fighting
 - Level 3.0 Polearms
 - Level 0.6 Armour
 - Level 1.3 Dodging
 - Level 0.5 Stealth
 - Level 2.0 Spellcasting
 + Level 5.2 Charms
 - Level 1.7 Translocations
 - Level 0.2 Evocations


You had 6 spell levels left.
You knew the following spells:

 Your Spells              Type           Power        Failure   Level  Hunger
a - Infusion              Chrm           ##..         10%         1    ##.....
b - Shroud of Golubria    Chrm/Tloc      #.........   24%         2    ###....


Dungeon Overview and Level Annotations

Branches:
Dungeon (4/15)
 Temple: D:4-7

Altars:
Gozag
Nemelex Xobeh
Qazlal
Xom
The Shining One


Message History

The ogre is lightly wounded.
The ogre hits you with a giant spiked club!!
Your shroud falls apart!
You hit the ogre.
The ogre is lightly wounded.
You hit the ogre.
The ogre is moderately wounded.
The ogre hits you with a giant spiked club!!
* * * LOW HITPOINT WARNING * * *
You hit the ogre but do no damage.
The ogre is moderately wounded.
You feel sick.
The ogre hits you with a giant spiked club.
* * * LOW HITPOINT WARNING * * *
You hit the ogre.
The ogre is moderately wounded.
You hit the ogre.
The ogre is heavily wounded.
The ogre hits you with a giant spiked club!!
You die...

..,**#....# *,****,*,*,*
.########.# *,,,,,,,,*,*
......<##.# *#####,*,,,*
..........##########...#.#.#****
......(....................>,,,*
.###################.#.#.#.#**,*
.# #...........#,,,,,* .#
##.##.###.###****** .#
#.@#.....# .# ##O####### .###
#a# ...# **#######.####### ...#
*,..............# ...#
*,######........# ...# *.#
#........# ...# *.# #........#
...#####.# #........#


You could see an ogre and a worker ant.

Vanquished Creatures
  An ogre (D:4)
  A centaur skeleton (D:4)
  Terence (D:3)
  An iguana (D:4)
  2 worker ants
  5 adders (D:3)
  An ooze (D:2)
  A dart slug (D:1)
  3 giant geckos
  6 orcs (D:3)
  A ball python (D:3)
  5 bats
  7 giant cockroaches
  7 hobgoblins
  3 jackals
  4 quokkas
  3 giant newts
  8 goblins
  9 kobolds
  6 rats
75 creatures vanquished.

Notes
Turn   | Place    | Note
--------------------------------------------------------------
     0 | D:1      | atgrul the Merfolk Skald began the quest for the Orb.
     0 | D:1      | Reached XP level 1. HP: 16/16 MP: 3/3
   186 | D:1      | Reached XP level 2. HP: 23/23 MP: 5/5
   626 | D:1      | Reached XP level 3. HP: 19/28 MP: 4/6
   930 | D:1      | Learned a level 2 spell: Shroud of Golubria
  1140 | D:2      | Found a glowing golden altar of the Shining One.
  1337 | D:2      | Found an opulent altar of Gozag.
  1826 | D:2      | Found a sparkling altar of Nemelex Xobeh.
  1956 | D:3      | Reached XP level 4. HP: 11/35 MP: 2/7
  2498 | D:3      | Reached skill level 1 in Translocations
  2885 | D:3      | Found a shimmering altar of Xom.
  2887 | D:3      | Found a shimmering altar of Xom.
  2888 | D:3      | Found a shimmering altar of Xom.
  2898 | D:3      | Found a shimmering altar of Xom.
  2899 | D:3      | Found a shimmering altar of Xom.
  2899 | D:3      | Found a shimmering altar of Xom.
  2910 | D:3      | Noticed Terence
  2952 | D:3      | Killed Terence
  2952 | D:3      | Reached XP level 5. HP: 15/42 MP: 0/8
  3657 | D:3      | HP: 1/42 [orc/falchion (7)]
  4436 | D:3      | Found a stormy altar of Qazlal.
  4532 | D:4      | Noticed an ogre
  4700 | D:4      | Killed an ogre
  4700 | D:4      | Reached skill level 5 in Charms
  4700 | D:4      | Reached XP level 6. HP: 35/49 MP: 0/9
  5180 | D:4      | Reached skill level 5 in Fighting
  5339 | D:3      | HP: 2/51 [poisoned by a worker ant]
  5676 | D:4      | HP: 1/51 [ogre/giant spiked club (6)]
  5678 | D:4      | Annihilated by an ogre

Skill      XL: |  1  2  3  4  5  6 |
---------------+-------------------+-----
Charms         | 4 5 |  5.2
Fighting       | 3 4 5 |  5.4
Translocations | 1 |  1.7
Polearms       | |  3.0
Armour         | |  0.6
Dodging        | |  1.3
Stealth        | |  0.5
Spellcasting   | |  2.0
Evocations     | |  0.2

Action                   |  1- 3 |  4- 6 || total
-------------------------+-------+-------++-------
Melee: Spear             |   147 |   253 ||   400
 Cast: Infusion          |     9 |    14 ||    23
       Shroud of Golubri |       |     3 ||     3
Evoke: Wand              |       |     1 ||     1
  Use: Scroll            |     4 |     2 ||     6
       Potion            |     1 |     1 ||     2
 Stab: Distracted        |     1 |       ||     1
       Sleeping          |     1 |       ||     1
  Eat: Chunk             |     1 |     2 ||     3
       Bread ration      |     1 |       ||     1
       Meat ration       |       |     1 ||     1
       Royal jelly       |       |     1 ||     1
       Fruit             |       |     1 ||     1
Armor: Leather armour    |    25 |    16 ||    41
       Ring mail         |       |    15 ||    15
Dodge: Dodged            |    70 |   132 ||   202
